 Dungeon Crawl Stone Soup version 0.31.0-1-g2c135a008e (webtiles) character file.

Game seed: 14701642971096757002

60 qw the Shooter (level 4, 0/35 HPs)
             Began as a Djinni Hunter on Jan 23, 2024.
             Slain by a jackal (1 damage)
             ... on level 2 of the Dungeon.
             The game lasted 00:00:05 (1137 turns).

qw the Shooter (Djinni Hunter)                      Turns: 1137, Time: 00:00:06

Health: 0/35       AC:  5    Str: 10    XL:     4   Next: 24%
Gold:   92         EV: 11    Int: 11    God:
                   SH:  0    Dex: 18

rFire   + + .        a - +0 shortbow
rCold   x . .        (shield currently unavailable)
rNeg    . . .        f - +0 ring mail
rPois   inf          (no helmet)
rElec   .            (no cloak)
rCorr   .            (no gloves)
SInv    .            (boots unavailable)
Will    .....        (no amulet)
Stlth   +            (no ring)
HPRegen 0.25/turn    (no ring)
MPRegen 0.00/turn

%: infuse magic (-1 HP)
@: flying
A: sickness immunity, fire resistance 2, cold vulnerability 1, float, innate
caster, HP casting, extra vitality 1
a: no special abilities


You were on level 2 of the Dungeon.
You visited 1 branch of the dungeon, and saw 2 of its levels.

You collected 92 gold pieces.


Innate Abilities, Weirdness & Mutations

You are immune to sickness and miasma.
You are immune to poison.
Your flesh is very heat resistant. (rF++)
You are vulnerable to cold. (rC-)
You float through the air rather than walking.
You learn spells naturally, not from books.
Your magical power is your life essence.
You have superior vitality. (+4 MHP)


   Skills:
 - Level 3.0 Fighting
 + Level 4.0 Ranged Weapons
 - Level 1.0 Armour
 - Level 2.1 Dodging
 - Level 0.7 Stealth


You knew the following spells:

 Your Spells              Type           Power      Damage    Failure   Level
a - Sting                 Conj/Alch      0%         1d3       65%         1
Your spell library was empty.

Inventory:

Hand Weapons
 a - a +0 shortbow (weapon)
Armour
 f - a +0 ring mail (worn)
Jewellery
 b - a ring of resist corrosion
Potions
 c - a potion of heal wounds {unknown}
 g - a potion of might {unknown}

Dungeon Overview and Level Annotations

Branches:
Dungeon (2/15)

Altars:


Message History

The jackal closely misses you.
The jackal bites you but does no damage.
You shoot an arrow. The arrow hits the jackal!
You kill the jackal!
The endoplasm freezes you.
You are frozen!
You feel a terrible chill! The endoplasm freezes you.
You are frozen.
You feel a terrible chill!
Your Fighting skill increases to level 3!
You shoot an arrow. The arrow completely misses the jackal.
The jackal bites you. The jackal barely misses you. x2
The endoplasm closely misses you.
You shoot an arrow. The arrow closely misses the jackal.
The jackal bites you but does no damage. x2
The jackal closely misses you. The endoplasm freezes you.
You are frozen!
You feel a terrible chill! The jackal bites you.
You shoot an arrow. The arrow closely misses the jackal.
The jackal closely misses you. x2
The endoplasm freezes you.
You are frozen.
You feel a terrible chill! The jackal closely misses you.
The jackal bites you but does no damage.
The endoplasm hits you.
You shoot an arrow.
The arrow hits the jackal but does no damage.
The jackal completely misses you.
The jackal bites you but does no damage. x2
The endoplasm hits you but does no damage.
The jackal bites you but does no damage.
You shoot an arrow. The arrow hits the jackal.
The jackal is almost dead.
The jackal bites you but does no damage.
The jackal closely misses you. The endoplasm freezes you.
You are frozen.
You feel a terrible chill! The jackal bites you. The jackal barely misses you.
You shoot an arrow. The arrow hits the jackal!
You kill the jackal!
The jackal bites you.
You die...

#...........#
#...........#
#...........#
#...........#
#...........#
.##########.#######
....... #.#
.......####)#####
....))...h@)....#
.........J%)<...#
................+
..).)...........#
.......##########
)######


You could see an endoplasm and a jackal.

Vanquished Creatures
  Robin (D:2)
  A ribbon worm (D:2)
  4 endoplasms
  A giant cockroach (D:1)
  9 goblins (D:2)
  5 hobgoblins
  6 jackals
  2 quokkas (D:1)
  3 ball pythons
  4 bats
  3 frilled lizards
  A kobold (D:1)
  3 rats
43 creatures vanquished.

Notes
Turn   | Place    | Note
-------+----------+-------------------------------------------
     0 | D:1      | qw the Djinni Hunter began the quest for the Orb.
     0 | D:1      | Reached XP level 1. HP: 18/18 MP: 0/0
     0 | D:1      | 0 ||| qw: Version: 0.3-a-132-g3d54051
     0 | D:1      | 0 ||| qw: Game counter: 596
     0 | D:1      | 0 ||| qw: Melee chars always use a shield: true
     0 | D:1      | 0 ||| qw: God list: Okawaru
     0 | D:1      | 0 ||| qw: Allow faded altars: false
     0 | D:1      | 0 ||| qw: Do Orc after clearing Dungeon:15 true
     0 | D:1      | 0 ||| qw: Do second Lair branch before Depths: true
     0 | D:1      | 0 ||| qw: Lair rune preference: random
     0 | D:1      | 0 ||| qw: Goals: Normal
     0 | D:1      | 0 ||| PLANNING D:1-11
    33 | D:1      | Reached XP level 2. HP: 19/23 MP: 0/0
   347 | D:1      | You are sucked into a shaft and drop 1 floor!
   351 | D:2      | 351 ||| FLEEEEING.
   354 | D:2      | 354 ||| STAIRDANCE
   497 | D:1      | Reached skill level 4 in Ranged Weapons
   497 | D:1      | Reached XP level 3. HP: 24/28 MP: 0/0
   497 | D:1      | Learned a level 1 spell: Sting
   749 | D:1      | 749 ||| UPGRADING to +0 ring mail.
   759 | D:1      | 759 ||| DROPPING +0 leather armour.
   760 | D:1      | 760 ||| READING 2 scrolls labelled MOIJYKH KOYT.
   761 | D:1      | 761 ||| READING scroll labelled FEKEGG GOYHUESK.
   765 | D:1      | 765 ||| DROPPING scroll of butterflies.
   766 | D:1      | 766 ||| DROPPING scroll of fear.
   803 | D:2      | 803 ||| STAIRDANCE
   815 | D:2      | 815 ||| STAIRDANCE
  1054 | D:2      | 1054 ||| RETREEEEATING.
  1057 | D:2      | 1057 ||| RETREEEEATING.
  1058 | D:2      | 1058 ||| RETREEEEATING.
  1059 | D:2      | 1059 ||| RETREEEEATING.
  1061 | D:2      | 1061 ||| RETREEEEATING.
  1068 | D:2      | Reached skill level 1 in Armour
  1082 | D:2      | 1082 ||| FLEEEEING.
  1103 | D:2      | Noticed Robin
  1106 | D:2      | Killed Robin
  1107 | D:2      | Reached XP level 4. HP: 34/34 MP: 0/0
  1109 | D:2      | 1109 ||| FLEEEEING.
  1110 | D:2      | 1110 ||| FLEEEEING.
  1111 | D:2      | 1111 ||| FLEEEEING.
  1112 | D:2      | 1112 ||| FLEEEEING.
  1132 | D:2      | Reached skill level 3 in Fighting
  1134 | D:2      | HP: 6/35 [frozen (6)]
  1136 | D:2      | HP: 2/35 [frozen (3)]
  1137 | D:2      | Slain by a jackal

Levels and vault maps discovered:
D:1:      scummos_arrival_hexagon, layout_basic
D:2:      minmay_thinvault, layout_basic, basic_altar, grunt_ministairs_5,
          kennysheep_generic_room_4, uniq_robin

Skill      XL: |  1  2  3  4 |
---------------+-------------+-----
Ranged Weapons | 4 |  4.0
Armour         | 1 |  1.0
Fighting       | 3 |  3.0
Dodging        | |  2.1
Stealth        | |  0.7

Action                     |  1- 3 |  4- 6 || total
---------------------------+-------+-------++-------
   Fire: Shortbow          |   107 |    17 ||   124
    Use: Scroll            |     2 |       ||     2
 Armour: Leather armour    |    26 |       ||    26
         Ring mail         |    18 |    16 ||    34
  Dodge: Dodged            |    36 |    14 ||    50

Table legend:
 A = Non-vault XP
 B = Vault XP
 C = Vault XP percentage of total XP
 D = Non-vault monster count
 E = Vault monster count
 F = Vault count percentage of total count
                 A         B        C        D         E       F
            +---------+---------+-------+---------+---------+-------
      Total |      47 |      41 |  46.6 |      30 |      13 |  30.2
            +---------+---------+-------+---------+---------+-------
        D:1 |      36 |       0 |   0.0 |      23 |       0 |   0.0
        D:2 |      11 |      41 |  78.8 |       7 |      13 |  65.0
            +---------+---------+-------+---------+---------+-------
